 Dungeon Crawl Stone Soup version 0.20-a0-830-g2c9a30d (webtiles) character file.

4 4thArraOfDagon the Sneak (level 1, -2/10 HPs)
             Began as a Felid Wanderer on Mar 6, 2017.
             Hit by a stone thrown by a kobold (4 damage)
             ... on level 2 of the Dungeon.
             The game lasted 00:00:47 (91 turns).

4thArraOfDagon the Sneak (Felid Wanderer)             Turns: 91, Time: 00:00:48

Health: -2/10      AC:  1    Str:  7    XL:     1   Next: 58%
Magic:  2/2        EV: 15    Int: 15    God:
Gold:   13         SH:  0    Dex: 14    Spells: 0/0 levels left
                                        Lives:  0   Deaths: 0

rFire    . . .     SeeInvis +     - Unarmed
rCold    . . .     Gourm    .   (armour unavailable)
rNeg     . . .     Faith    .   (shield unavailable)
rPois    .         Spirit   .   (helmet unavailable)
rElec    .         Reflect  .   (cloak unavailable)
rCorr    .         Harm     .   (gloves unavailable)
MR       .....                  (boots unavailable)
Stlth    +++.......             (no amulet)
Regen    0.1/turn               (no ring)
MPRegen  0.1/turn               (no ring)

@: quick
A: no armour, no weapons or thrown items, stealth, claws 1, fangs 3, see
invisible, carnivore 3, speed 1, shaggy fur 1, slow metabolism 1, sharp paws
a: no special abilities


You were on level 2 of the Dungeon.
You were full.

You visited 1 branch of the dungeon, and saw 2 of its levels.

You collected 13 gold pieces.

Inventory:

Potions
 a - a potion of heal wounds
 b - a potion of haste
 c - 2 potions of lignification
Comestibles
 d - a meat ration


   Skills:
 - Level 3.0 Fighting
 + Level 0.6 Dodging
 + Level 4.1 Stealth
 * Level 3.2 Unarmed Combat
   Level 1.1 Evocations


You couldn't memorise any spells.
You didn't know any spells.

Dungeon Overview and Level Annotations

Branches:
Dungeon (2/15)

Altars:


Innate Abilities, Weirdness & Mutations

You cannot wear armour.
You are incapable of wielding weapons or throwing items.
Your paws allow you to move quietly. (Stealth)
You have sharp claws.
You have razor-sharp teeth.
You have supernaturally acute eyesight. (SInv)
You are carnivorous and can eat meat at any time.
You cover ground quickly.
You are covered in fur. (AC +1)
You have a slow metabolism.
Your sharp claws are effective at attacking unaware monsters.


Message History

Unknown command.
The bat hits you but does no damage.
Unknown command.
Unknown command.
You closely miss the bat. The bat barely misses you.
The bat closely misses you.
You barely miss the bat. The bat barely misses you. The bat hits you.
* * * LOW HITPOINT WARNING * * *
You closely miss the bat. The bat hits you but does no damage.
The bat misses you.
You miss the bat. The bat barely misses you.
The bat hits you but does no damage.
You scratch the bat but do no damage. Your bite misses the bat.
The bat barely misses you. The bat misses you.
Okay, then.
You scratch the bat.
You kill the bat!
The kobold throws a stone.
The stone hits you but does no damage.
The kobold throws a stone.
The stone hits you.
You die...

. #. .# ...
..###.##.# #.#
.........# #.#
......<..# #)#
........## #.#
###.#.#K# #÷# #
#.#†# ##.####.#
#.#(###>......#
.#...@....######
#....(###..# ###
####..###..# #..
..........# #.#
## .....###.##
#.#####. ####.##
#.######.......
..
#............#.
##
###########....
##.#.


You could see a kobold.

Vanquished Creatures
  A ball python (D:2)
  A bat (D:2)
  A goblin (D:2)
  A kobold (D:2)
4 creatures vanquished.

Notes
Turn   | Place    | Note
-------+----------+-------------------------------------------
     0 | D:1      | 4thArraOfDagon the Felid Wanderer began the quest for the Orb.
     0 | D:1      | 4thArraOfDagon set off with: a potion of heal wounds, a potion of haste, 2 potions of lignification, a meat ration
     0 | D:1      | Reached XP level 1. HP: 10/10 MP: 2/2
     0 | D:1      | Noticed a green draconian
     0 | D:1      | Noticed an orb of fire
     1 | D:1      | Noticed a tentacled monstrosity
     3 | D:1      | Noticed an ice dragon
     3 | D:1      | Noticed an orb of fire
     5 | D:1      | Noticed an orb of fire
     6 | D:1      | Noticed a shadow dragon
     7 | D:1      | Noticed an ice dragon
    10 | D:1      | Noticed a shadow dragon
    10 | D:1      | Noticed a large abomination
    14 | D:1      | Noticed a tentacled monstrosity
    19 | D:1      | Noticed a tentacled monstrosity
    91 | D:2      | Hit by a stone thrown by a kobold

Vault maps used:
D:1:      shiori_arrival_whats_in_store_for_you, minmay_pentomino_s2
D:2:      old_standard_altar, grunt_ministairs_15

Action                   || total
-------------------------++-------
Melee: Unarmed           ||    17
 Stab: Sleeping          ||     1
  Eat: Chunk             ||     3
Armor: Skin              ||     4
Dodge: Dodged            ||    20
